 Dungeon Crawl Stone Soup version 0.18-b1-10-g3f7de93 (webtiles) character file.

906 GlitchThief the Cleaver (level 7, -15/57 HPs)
             Began as a Minotaur Berserker on Apr 29, 2016.
             Was a Priest of Trog.
             Demolished by Buffagor's ghost (18 damage)
             ... on level 6 of the Dungeon.
             The game lasted 00:24:19 (4171 turns).

GlitchThief the Cleaver (Minotaur Berserker)        Turns: 4171, Time: 00:24:20

Health: -15/57     AC:  4    Str: 24    XL:     7   Next: 81%
Magic:  6/6        EV:  8    Int:  2    God:    Trog [***...]
Gold:   208        SH:  2    Dex:  9    Spells: 0 memorised, 6 levels left

rFire  . . .     SeeInvis .     x - +1 war axe
rCold  . . .     Gourm    .     f - +0 chain mail
rNeg   + . .     Faith    .     v - +0 buckler
rPois  .         Spirit   .     (helmet restricted)
rElec  .         Dismiss  .     (no cloak)
rCorr  .         Reflect  .     (no gloves)
SustAt .         Harm     .     (no boots)
MR     .....                    (no amulet)
Stlth  ..........               (no ring)
                                o - ring of positive energy

@: exhausted, slowed, very slow, not resistant to hostile enchantments,
extremely unstealthy
A: retaliatory headbutt, horns 2, deformed body, dopey 1, sturdy frame 1
a: Berserk, Trog's Hand, Burn Spellbooks, Renounce Religion


You were on level 6 of the Dungeon.
You worshipped Trog.
Trog was most pleased with you.
You were very hungry.

You visited 1 branch of the dungeon, and saw 6 of its levels.

You collected 208 gold pieces.

Inventory:

Hand Weapons
 a - a +0 hand axe
 x - a +1 war axe (weapon)
Missiles
 e - 136 stones (quivered)
Armour
 b - a +0 animal skin
 f - a +0 chain mail (worn)
 v - a +0 buckler (worn)
Jewellery
 l - an uncursed ring of ice
 o - a ring of positive energy (left hand)
Wands
 p - a wand of lightning (15/15)
Scrolls
 k - 6 scrolls of remove curse
Potions
 h - 5 potions of agility
 j - 3 potions of brilliance
 m - 2 potions of might
 n - 2 potions of haste
 q - a potion of ambrosia
 s - a potion of heal wounds {unknown}
 u - 2 potions of curing
Comestibles
 c - 8 bread rations
 g - 3 chunks of flesh
 r - 3 meat rations
 t - 5 fruits


   Skills:
 - Level 3.6 Fighting
 + Level 11.1 Axes
 - Level 2.4 Armour
 - Level 2.1 Dodging


You had 6 spell levels left.
You didn't know any spells.

Dungeon Overview and Level Annotations

Branches:
Dungeon (6/15)             Temple (0/1) D:5

Altars:
Nemelex Xobeh

Annotations:
D:6 Buffagor's ghost, novice HOFi


Innate Abilities, Weirdness & Mutations

You reflexively headbutt those who attack you in melee.
You have a pair of horns on your head.
Armour fits poorly on your strangely shaped body.
You are dopey. (Int -2)
Your movements are slightly less encumbered by armour (ER -2).


Message History

Buffagor's ghost hits you.
You hit Buffagor's ghost. Your headbutt misses Buffagor's ghost.
Buffagor's ghost is severely damaged.
Buffagor's ghost hits you! x2
Drink which item? (? for menu, Esc to quit)
You feel better.
Your skin stops crawling.
You feel less resistant to hostile enchantments.
Buffagor's ghost hits you! Buffagor's ghost hits you!
* * * LOW HITPOINT WARNING * * *
Read which item? (? for menu, Esc to quit)
As you read the scroll of fear, it crumbles to dust.
You assume a fearsome visage.
Buffagor's ghost is unaffected.
Buffagor's ghost hits you.
* * * LOW HITPOINT WARNING * * *
Drink which item? (? for menu, Esc to quit)
It was a potion of berserk rage.
You're too exhausted to go berserk.
Buffagor's ghost hits you!!
You die...

............# .....
#..........###......
+............≈.≈....
####...........≈. .≈...
.#.....#........# #...
.......#........# #...
.......#........# #...
........W.......# #...
.......@##......# ###.
####.#..#.......# #...
#.........####### #...
#..........##...# #...
#...........#...# #...
................#####...
.............<..........
........................
........................


You could see Buffagor's ghost.

Vanquished Creatures
  Sigmund (D:3)
  A phantom (D:5)
  An ogre (D:5)
  A giant frog (D:6)
  2 scorpions (D:5)
  A crimson imp (D:5)
  2 hounds (D:5)
  An orc wizard (D:5)
  An iguana (D:4)
  2 worker ants
  A hound zombie (D:5)
  3 gnolls (D:2)
  7 adders
  An ooze (D:1)
  An adder zombie (D:4)
  4 worms
  3 dart slugs
  2 giant geckos (D:1)
  13 orcs
  5 giant cockroaches
  4 goblins
  7 hobgoblins
  11 jackals
  5 quokkas
  6 bats
  3 giant newts
  5 kobolds
  9 rats
103 creatures vanquished.

Notes
Turn   | Place    | Note
--------------------------------------------------------------
     0 | D:1      | GlitchThief the Minotaur Berserker began the quest for the Orb.
     0 | D:1      | Reached XP level 1. HP: 19/19 MP: 0/0
    20 | D:1      | Reached skill level 4 in Axes
   230 | D:1      | Reached XP level 2. HP: 26/26 MP: 1/1
   500 | D:1      | Reached skill level 5 in Axes
   643 | D:2      | You fall through a shaft!
   717 | D:2      | Reached XP level 3. HP: 31/31 MP: 2/2
   768 | D:2      | Reached ** piety under Trog
   934 | D:2      | Reached XP level 4. HP: 39/39 MP: 3/3
  1067 | D:2      | Reached skill level 6 in Axes
  1424 | D:3      | Noticed Sigmund
  1435 | D:3      | Killed Sigmund
  1435 | D:3      | Reached skill level 8 in Axes
  1435 | D:3      | Reached XP level 5. HP: 45/45 MP: 4/4
  1573 | D:3      | Reached XP level 6. HP: 43/51 MP: 5/5
  2120 | D:4      | Gained mutation: Armour fits poorly on your strangely shaped body. [potion of mutation]
  2120 | D:4      | Gained mutation: You are dopey. (Int -2) [potion of mutation]
  2120 | D:4      | Gained mutation: Your movements are slightly less encumbered by armour (ER -2). [potion of mutation]
  2154 | D:4      | Reached *** piety under Trog
  2429 | D:4      | Found a sparkling altar of Nemelex Xobeh.
  2757 | D:5      | Entered Level 5 of the Dungeon
  2958 | D:5      | Reached skill level 9 in Axes
  3356 | D:5      | Reached XP level 7. HP: 37/57 MP: 6/6
  3485 | D:5      | Found a staircase to the Ecumenical Temple.
  3634 | D:5      | Reached skill level 10 in Axes
  4052 | D:6      | Reached skill level 11 in Axes
  4150 | D:6      | Noticed Buffagor's ghost (novice HOFi)
  4171 | D:6      | Demolished by Buffagor's ghost

Skill      XL: |  1  2  3  4  5  6  7 |
---------------+----------------------+-----
Axes           | 4 5 8 9 11 | 11.1
Fighting       | |  3.6
Armour         | |  2.4
Dodging        | |  2.1

Action                   |  1- 3 |  4- 6 |  7- 9 || total
-------------------------+-------+-------+-------++-------
Melee: Hand axe          |    51 |   157 |     1 ||   209
       Headbutt          |    11 |    22 |     8 ||    41
       War axe           |       |       |    47 ||    47
Invok: Berserk           |     2 |     1 |     2 ||     5
       Trog's Hand       |     1 |     1 |     1 ||     3
  Use: Scroll            |     4 |    10 |     6 ||    20
       Potion            |       |     1 |     2 ||     3
 Stab: Sleeping          |     1 |       |       ||     1
  Eat: Chunk             |     1 |    10 |     2 ||    13
       Beef jerky        |       |       |     1 ||     1
Armor: Chain mail        |    22 |    74 |    10 ||   106
Dodge: Dodged            |    20 |    74 |    13 ||   107
Block: Buckler           |       |     2 |     3 ||     5
